 Dungeon Crawl Stone Soup version 0.28.0-45-g0d030f2227 (webtiles) character file.

Game seed: 15160358922850280451

19989 DemonSlayer the Thaumaturge (level 12, 0/81 HPs)
             Began as a Demonspawn Fire Elementalist on Apr 9, 2022.
             Was a Follower of Cheibriados.
             Slain by a cane toad (16 damage)
             ... on level 3 of the Lair of Beasts.
             The game lasted 01:04:31 (19628 turns).

DemonSlayer the Thaumaturge (DsFE)                 Turns: 19628, Time: 01:04:33

Health: 0/81       AC:  8    Str: 21    XL:     12   Next: 41%
Magic:  23/27      EV: 13    Int: 23    God:    Cheibriados [*.....]
Gold:   954        SH:  0    Dex: 15    Spells: 7/33 levels left

rFire   + . .      SeeInvis .   L - +8 dagger of the Warrior-Mage {freeze, Fly Str+3 Stlth+}
rCold   . . .      Faith    .   (no shield)
rNeg    + . .      Spirit   .   G - +1 robe of the Pit {rC+ Str+4}
rPois   .          Reflect  .   (no helmet)
rElec   .          Harm     .   (no cloak)
rCorr   .          Rampage  .   k - +2 pair of gloves
Will    +....                   (no boots)
Stlth   ++++++....              q - amulet of the acrobat
HPRegen 0.23/turn               F - ring of willpower
MPRegen 0.20/turn               x - ring "Toraarph" {rF+ rC- rN+ Str+2}

@: about to teleport, flying, slowed, very slow
A: claws 1, molten scales 1, foul stench 3, demonic magic 3
a: Renounce Religion, Bend Time


You were on level 3 of the Lair of Beasts.
You worshipped Cheibriados.
Cheibriados was aware of your devotion.
You visited 3 branches of the dungeon, and saw 15 of its levels.

You collected 954 gold pieces.

Inventory:

Hand Weapons
 L - the +8 dagger of the Warrior-Mage (weapon) {freeze, Fly Str+3 Stlth+}
   (You found it on level 9 of the Dungeon)

   It freezes those it strikes, dealing additional cold damage.
   It can also slow down cold-blooded creatures.
   Str:       It affects your strength (+3).
   Fly:       It grants you flight.
   Stlth:     It makes you more stealthy.
Missiles
 y - 14 curare-tipped darts
Armour
 k - a +2 pair of gloves (worn)
 E - the +5 scale mail "Antut" {rElec rF+ rC- rN+}
   (You found it on level 7 of the Dungeon)

   rF:        It protects you from fire.
   rC:        It makes you vulnerable to cold.
   rElec:     It insulates you from electricity.
   rN:        It protects you from negative energy.
 G - the +1 robe of the Pit (worn) {rC+ Str+4}
   (You found it on level 7 of the Dungeon)

   Str:       It affects your strength (+4).
   rC:        It protects you from cold.
 J - a +0 buckler
Jewellery
 o - a ring of positive energy
 q - an amulet of the acrobat (around neck)
 x - the ring "Toraarph" (right hand) {rF+ rC- rN+ Str+2}
   (You took it off an orc wizard on level 6 of the Dungeon)

   [ring of protection from fire]

   Str:       It affects your strength (+2).
   rF:        It protects you from fire.
   rC:        It makes you vulnerable to cold.
   rN:        It protects you from negative energy.
 C - a ring of see invisible
 F - a ring of willpower (left hand)
Wands
 a - a wand of digging (4)
 m - a wand of iceblast (13)
 w - a wand of flame (34)
 B - a wand of acid (3)
 M - a wand of paralysis (5)
Scrolls
 b - 7 scrolls of teleportation
 d - 3 scrolls of enchant armour {unknown}
 e - 2 scrolls of enchant weapon {unknown}
 f - 2 scrolls of immolation {unknown}
 j - a scroll of vulnerability {unknown}
 l - 2 scrolls of fear {unknown}
 n - 2 scrolls of noise {unknown}
 t - a scroll of amnesia
 v - 2 scrolls of magic mapping {unknown}
 A - 3 scrolls of fog {unknown}
 D - 3 scrolls of torment
Potions
 c - 2 potions of haste {unknown}
 g - 8 potions of curing
 h - 4 potions of lignification
 i - a potion of mutation {unknown}
 p - 6 potions of heal wounds
 r - a potion of attraction {unknown}
 s - a potion of invisibility
 u - 2 potions of degeneration {unknown}
 z - 3 potions of brilliance {unknown}
 H - a potion of cancellation {unknown}
 I - 3 potions of might {unknown}
 K - 2 potions of flight {unknown}


   Skills:
 + Level 3.1 Fighting
 + Level 3.5 Short Blades
 + Level 1.0 Throwing
 + Level 3.2 Dodging
 + Level 10.7 Stealth
 + Level 11.0 Spellcasting
 + Level 4.1 Conjurations
 + Level 10.5 Fire Magic
 + Level 2.7 Earth Magic
 + Level 0.5 Evocations


You had 7 spell levels left.
You knew the following spells:

 Your Spells              Type           Power      Damage    Failure   Level
a - Foxfire               Conj/Fire      100%       2x1d9     1%          1
b - Scorch                Fire           100%       2d10      1%          2
c - Conjure Flame         Conj/Fire      46%        6-21      1%          3
d - Stone Arrow           Conj/Erth      56%        3d10      3%          3
e - Flame Wave            Conj/Fire      46%        2d10      2%          4
f - Inner Flame           Hex/Fire       36%        N/A       1%          3
g - Passwall              Tmut/Erth      15%        N/A       4%          2
h - Ozocubu's Armour      Ice            12%        N/A       16%         3
i - Metabolic Englaciati  Hex/Ice        6%         N/A       80%         5

Your spell library contained the following spells:

 Spells                   Type           Power      Damage    Failure   Level
 Sandblast                Erth           50%        2d12      1%          1
 Sticky Flame             Conj/Fire      46%        2d6       2%          4
 Static Discharge         Conj/Air       22%        N/A       3%          2
 Animate Skeleton         Necr           24%        N/A       4%          1
 Apportation              Tloc           24%        N/A       4%          1
 Beastly Appendage        Tmut           24%        N/A       4%          1
 Summon Small Mammal      Summ           48%        N/A       4%          1
 Wereblood                Tmut           12%        N/A       8%          2
 Call Canine Familiar     Summ           12%        N/A       16%         3
 Spider Form              Tmut/Pois      12%        N/A       16%         3
 Dispel Undead            Necr           12%        3d9       45%         4
 Simulacrum               Ice/Necr       6%         N/A       100%        6


Dungeon Overview and Level Annotations

Branches:
Dungeon (11/15)            Temple (1/1) D:7            Lair (3/6) D:10
  Swamp (0/4) Lair:2       Spider (0/4) Lair:2          Orc (0/2) D:11

Altars:
Ashenzari
Cheibriados
Dithmenos
Elyvilon
Fedhas
Gozag
Hepliaklqana
Kikubaaqudgha
Makhleb
Nemelex Xobeh
Okawaru
Qazlal
Ru
Sif Muna
Trog
Uskayaw
Vehumet
Wu Jian
Xom
Yredelemnul
Zin
The Shining One

Shops:
D:11 (

Annotations:
D:10 exclusion: oklob sapling


Innate Abilities, Weirdness & Mutations

You have sharp fingernails.
You are partially covered in molten scales. (AC +2)
You frequently emit foul miasma when damaged in melee.
Spells you cast and wands you use may paralyse nearby enemies.


Message History

The cane toad croaks.
Flames lash the torpor snail.
The torpor snail is burned terribly!
The torpor snail is moderately wounded.
Malevolent energies surge around you.
The torpor snail is engulfed in a cloud of scalding steam.
The torpor snail is no longer paralysed.
A wyvern comes into view.
The torpor snail is engulfed in a cloud of scalding steam.
The wyvern hisses angrily.
You hit the torpor snail. You freeze the torpor snail.
The torpor snail is heavily wounded.
The cane toad misses you. The torpor snail closely misses you.
Flames lash the cane toad.
The cane toad is lightly wounded.
The cane toad's fire resistance burns away.
Malevolent energies surge around you.
The cane toad is engulfed in a cloud of scalding steam.
The cane toad stings you. The torpor snail bites you!
The cane toad is engulfed in a cloud of scalding steam.
The cane toad stings you!!
You are poisoned.
The cane toad poisons you!
The torpor snail bites you but does no damage.
Unknown command.
You feel better. The cane toad barely misses you.
The wyvern is engulfed in a cloud of scalding steam.
The cane toad stings you!!
* * * LOW HITPOINT WARNING * * *
You emit a cloud of foul miasma!
The wyvern is engulfed in a cloud of scalding steam.
The wyvern bites you.
* * * LOW HITPOINT WARNING * * *
The torpor snail bites you but does no damage.
As you read the scroll of teleportation, it crumbles to dust.
You feel strangely unstable.
The cane toad is no longer more vulnerable to fire.
The torpor snail is no longer more vulnerable to fire.
The cane toad is engulfed in dark miasma.
The cane toad seems to slow down.
The cane toad stings you!
You die...

#...##...#.+#.##. ....F
#............... ....#
###................ ...#
#...................... #
.......................##
......≈≈≈≈†...(... #..
.....≈≈≈≈≈≈≈≈..... #...
....≈≈≈≈w≈≈≈≈..... #.....
...#.≈≈≈@≈≈≈≈≈.... ##....
.....≈≈≈Fl≈≈≈≈.... #..♣.
......≈≈.≈≈≈≈.$... .....w
......≈.<.≈≈....###...YY.
...>.............$.#.Y..Y
+.................
#......P..........
......#..........
#.#+###.........


You could see a torpor snail, a cane toad (slow) and a wyvern.

Vanquished Creatures
  Snorg (D:11)
  Erica (D:8)
  3 hydras
  3 two-headed ogres
  An orb spider (Lair:2)
  A centaur zombie (D:11)
  2 black mambas
  Joseph (D:9)
  3 cane toads
  A rime drake (Lair:2)
  A komodo dragon (Lair:3)
  A polar bear (Lair:1)
  3 slime creatures (D:10)
  3 blink frogs (Lair:2)
  2 shadows (D:11)
  14 yaks
  4 basilisks
  3 wyverns
  4 vampire mosquitoes (Lair:2)
  Duvessa (D:7)
  11 water moccasins
  5 orc warriors
  2 black bears
  2 ogres (D:5)
  11 wolves
  9 centaurs
  A kobold brigand (D:6)
  2 phantoms
  12 bullfrogs
  4 scorpions
  A gnoll sergeant (D:8)
  A wyvern skeleton (D:6)
  A water moccasin zombie (D:6)
  Dowan (D:7)
  3 wights (D:9)
  An electric eel (Lair:3)
  3 howler monkeys
  A bullfrog zombie (D:7)
  2 gnoll shamans
  4 hounds
  2 bullfrog skeletons
  7 orc priests
  A jelly (D:8)
  3 centaur skeletons
  14 orc wizards
  4 iguanas
  A killer bee zombie (D:8)
  3 hound skeletons (D:3)
  A howler monkey zombie (D:7)
  A howler monkey skeleton (D:3)
  14 gnolls
  9 adders
  2 worms
  5 dart slugs
  38 orcs
  8 endoplasms
  2 giant cockroaches (D:1)
  7 goblins
  6 hobgoblins
  3 jackals (D:10)
  3 quokkas
  13 ball pythons
  A ball python zombie (D:3)
  7 bats
  5 frilled lizards
  14 kobolds
  A quokka skeleton (D:3)
  6 rats
  A bush (D:10)
312 creatures vanquished.

Vanquished Creatures (others)
  256 foxfires
  9 fungi
  31 plants
  4 withered plants (D:3)
300 creatures vanquished.

Grand Total: 612 creatures vanquished

Notes
Turn   | Place    | Note
-------+----------+-------------------------------------------
     0 | D:1      | DemonSlayer the Demonspawn Fire Elementalist began the
                  | quest for the Orb.
     0 | D:1      | Reached XP level 1. HP: 13/13 MP: 3/3
   329 | D:1      | Gained mutation: Spells you cast may paralyse adjacent
                  | enemies. [demonic ancestry]
   329 | D:1      | Reached XP level 2. HP: 19/19 MP: 1/5
  1346 | D:1      | Gained mutation: Spells you cast may paralyse nearby
                  | enemies. [demonic ancestry]
  1346 | D:1      | Reached XP level 3. HP: 24/24 MP: 4/6
  1544 | D:1      | Learned a level 2 spell: Scorch
  2484 | D:3      | Learned a level 3 spell: Conjure Flame
  2679 | D:3      | Gained mutation: You are partially covered in molten
                  | scales. (AC +2) [demonic ancestry]
  2679 | D:3      | Reached XP level 4. HP: 30/30 MP: 4/7
  3521 | D:3      | Gained mutation: You may rarely emit foul miasma when
                  | damaged in melee. [demonic ancestry]
  3521 | D:3      | Reached XP level 5. HP: 35/35 MP: 0/8
  3901 | D:3      | Learned a level 3 spell: Stone Arrow
  4046 | D:4      | Reached skill level 3 in Spellcasting
  4102 | D:4      | Reached skill level 1 in Short Blades
  4102 | D:4      | Reached XP level 6. HP: 35/41 MP: 0/10
  4960 | D:5      | Entered Level 5 of the Dungeon
  4967 | D:5      | Gained mutation: You sometimes emit foul miasma when
                  | damaged in melee. [demonic ancestry]
  4967 | D:5      | Reached XP level 7. HP: 34/47 MP: 9/12
  5244 | D:5      | Reached skill level 1 in Fighting
  5248 | D:5      | Reached skill level 5 in Stealth
  5248 | D:5      | Reached skill level 4 in Spellcasting
  5783 | D:5      | Reached XP level 8. HP: 53/54 MP: 12/14
  6431 | D:6      | Identified the ring "Toraarph" {rF+ rC- rN+ Str+2}
  6569 | D:6      | Reached skill level 5 in Fire Magic
  7283 | D:6      | Learned a level 4 spell: Flame Wave
  7287 | D:6      | Learned a level 3 spell: Inner Flame
  7316 | D:7      | Reached skill level 5 in Spellcasting
  7404 | D:7      | Noticed Dowan
  7406 | D:7      | Noticed Duvessa
  7912 | D:7      | Found a staircase to the Ecumenical Temple.
  7932 | Temple   | Entered the Ecumenical Temple
  8143 | D:7      | Killed Duvessa
  8148 | D:7      | Killed Dowan
  8299 | D:7      | Gained mutation: You frequently emit foul miasma when
                  | damaged in melee. [demonic ancestry]
  8299 | D:7      | Reached XP level 9. HP: 45/59 MP: 12/17
  8835 | D:7      | Identified the +5 scale mail "Antut" {rElec rF+ rC- rN+}
  8840 | D:7      | Learned a level 2 spell: Passwall
  8900 | D:7      | Identified the +1 robe of the Pit {rC+ Str+4}
  9443 | D:8      | Reached skill level 6 in Spellcasting
  9820 | D:8      | Noticed Erica
  9929 | D:8      | Killed Erica
 10445 | D:8      | Reached skill level 7 in Spellcasting
 10786 | D:8      | Learned a level 3 spell: Ozocubu's Armour
 10805 | D:9      | Noticed a two-headed ogre
 10812 | D:9      | Killed a two-headed ogre
 10813 | D:9      | Reached XP level 10. HP: 56/66 MP: 13/21
 10989 | D:9      | Noticed Joseph
 10996 | D:9      | Killed Joseph
 11764 | D:9      | Reached skill level 8 in Spellcasting
 11933 | D:9      | Identified the +8 dagger of the Warrior-Mage {freeze, Fly
                  | Str+3 Stlth+}
 12468 | D:10     | Entered Level 10 of the Dungeon
 12509 | D:10     | Noticed a two-headed ogre
 12515 | D:10     | Killed a two-headed ogre
 12898 | D:10     | Found a staircase to the Lair.
 13163 | D:11     | Noticed Snorg
 13540 | D:11     | Killed Snorg
 13623 | D:11     | Reached skill level 1 in Earth Magic
 13636 | D:11     | Reached skill level 1 in Throwing
 13636 | D:11     | Reached skill level 9 in Spellcasting
 13700 | D:11     | Found Xapil's Weapon Emporium.
 13700 | D:11     | Found a staircase to the Orcish Mines.
 13919 | D:11     | Gained mutation: You have sharp fingernails. [demonic
                  | ancestry]
 13919 | D:11     | Reached XP level 11. HP: 73/73 MP: 14/24
 15075 | D:10     | Found a snail-covered altar of Cheibriados.
 15086 | D:10     | Became a worshipper of Cheibriados the Contemplative
 15252 | D:10     | Noticed a two-headed ogre
 15260 | D:10     | Killed a two-headed ogre
 15460 | D:10     | Got the Compendium of Nature
 15823 | D:10     | Learned a level 5 spell: Metabolic Englaciation
 15874 | Lair:1   | Entered Level 1 of the Lair of Beasts
 15965 | Lair:1   | Noticed a seven-headed hydra
 16572 | Lair:2   | Reached skill level 10 in Spellcasting
 16721 | Lair:2   | Noticed an eight-headed hydra
 16746 | Lair:2   | Killed an eight-headed hydra
 16747 | Lair:2   | Reached skill level 10 in Fire Magic
 16846 | Lair:2   | Reached skill level 10 in Stealth
 16936 | Lair:2   | Gained mutation: Spells you cast and wands you use may
                  | paralyse nearby enemies. [demonic ancestry]
 16936 | Lair:2   | Reached XP level 12. HP: 57/80 MP: 7/26
 18206 | Lair:1   | Reached * piety under Cheibriados
 18418 | Lair:1   | Killed a seven-headed hydra
 18500 | Lair:2   | Found a hole to the Spider Nest.
 19313 | Lair:2   | Found a staircase to the Swamp.
 19569 | Lair:3   | Noticed an eight-headed hydra
 19577 | Lair:3   | Killed an eight-headed hydra
 19578 | Lair:3   | Reached skill level 11 in Spellcasting
 19628 | Lair:3   | Slain by a cane toad

Illustrated notes

Levels and vault maps discovered:
D:1:      matt_arrival_refuge, layout_basic, chequers_serial_rivers_room_b,
          minmay_misc_feat_four_crosses
D:2:      layout_basic
D:3:      minmay_chambers_of_threes, layout_loops_corners, serial_undead,
          serial_undead_d, serial_undead_c, serial_undead_b, serial_undead_e
D:4:      layout_basic, nicolae_underground_beach
D:5:      layout_loops_ring, serial_rivers, chequers_serial_rivers_large_a,
          chequers_serial_rivers_room_a, chequers_serial_rivers_micro_a,
          chequers_serial_rivers_micro_b
D:6:      layout_rooms
D:7:      layout_loops_ring, minmay_temple_entry_large_hall, uniq_duvessa
D:8:      layout_basic, minmay_puff, uniq_erica
D:9:      layout_layer_cave, serial_rivers, chequers_serial_rivers_large_b,
          chequers_serial_rivers_room_b, chequers_serial_rivers_marsh,
          chequers_serial_rivers_small_3, uniq_joseph
D:10:     layout_loops_ring, cheibriados_altar_1, minmay_lair_entry_grove,
          introduction_to_nature_2
D:11:     layout_long_grid, orc_david_3, uniq_snorg
Temple:   grunt_wide_crystal_templ
Lair:1:   layout_gridlike, lemuel_fruit_tree
Lair:2:   layout_cave_shapes, minmay_swamp_entry_swarm,
          nicolae_spider_entry_orb_guardian
Lair:3:   layout_chaotic_city, gammafunk_ghost_hive,
          nicolae_lair_run_with_the_wolves, grunt_megastairs_3,
          infiniplex_staircase_pool

Skill      XL: |  1  2  3  4  5  6  7  8  9 10 11 12 |
---------------+-------------------------------------+-----
Fire Magic     | 3 4 6 7 9 10 | 10.5
Stealth        | 2 3 4 5 7 8 9 10 | 10.7
Conjurations   | 2 3 4 |  4.1
Dodging        | 2 3 |  3.2
Spellcasting   | 3 4 5 7 9 10 11 | 11.0
Short Blades   | 1 2 3 |  3.5
Fighting       | 1 2 3 |  3.1
Earth Magic    | 1 2 |  2.7
Throwing       | 1 |  1.0
Evocations     | |  0.5

Action                   |  1- 3 |  4- 6 |  7- 9 | 10-12 || total
-------------------------+-------+-------+-------+-------++-------
Melee: Short sword       |    15 |       |       |       ||    15
       Dagger            |    14 |    47 |    58 |   128 ||   247
       Punch             |       |       |       |     1 ||     1
Throw: Dart              |       |       |     9 |     4 ||    13
 Cast: Foxfire           |    76 |    65 |     9 |    10 ||   160
       Scorch            |       |    16 |   125 |   132 ||   273
       Stone Arrow       |       |       |     5 |    43 ||    48
       Flame Wave        |       |       |       |     8 ||     8
Evoke: Wand              |       |       |       |     6 ||     6
  Use: Potion            |       |       |     2 |     3 ||     5
       Scroll            |       |       |     5 |     7 ||    12
 Stab: Paralysed         |    14 |    24 |    33 |    65 ||   136
       Sleeping          |     6 |    10 |    11 |    10 ||    37
Armor: Robe              |     6 |    20 |    26 |    41 ||    93
Dodge: Dodged            |    20 |    33 |    57 |   123 ||   233
Block: Buckler           |       |       |     2 |       ||     2
